cohdb
Replays
Latest Replays
All Replays
Popular Replays
Top Player Replays
Match Explorer
How It Works
Community
CoH3 Stats
Reddit
Sign in to upload your games and track your stats! →
Sign in with Steam
Match 42143692
Unlisted
Match 42143692
Overview
Messages
Build Orders
End
Selects Australian Defense Battlegroup
Selects Australian Light Infantry Section
Australian Light Infantry Section
Construct Section Command Post
Dingo Light Scout Car
Infantry Section
Infantry Section
Construct Platoon Command Post
Selects 2-pounder Anti-tank Gun Team
Humber Armored Car
Royal Engineer Section
2-pounder Anti-tank Gun Team
Vickers Machine Gun Team
Construct Field Infirmary
Grenade Package
Construct Company Command Post
Foot Guards Section
Crusader II Medium Tank
Crusader II Medium Tank
Matilda II Heavy Tank
Selects CMP 15cwt Supply Run
Foot Guards Section
Matilda II Heavy Tank
BIOHAZARD
coldvortex
0
0
Comments
sign in to comment!
No comments posted yet!